 Dungeon Crawl Stone Soup version 0.29.1-13-g9f3cf754e1 (webtiles) character file.

Game seed: 5946349162348013922

45 Thatpatchoflichen the Ducker (level 3, 0/28 HPs)
             Began as a Human Gladiator on Feb 5, 2023.
             Slain by Terence
             ... wielding a +2 hand axe of electrocution
              (1 damage)
             ... on level 2 of the Dungeon.
             The game lasted 00:02:59 (2559 turns).

Thatpatchoflichen the Ducker (Human Gladiator)      Turns: 2559, Time: 00:02:59

Health: 0/28       AC:  4    Str: 14    XL:     3   Next: 90%
Magic:  3/3        EV: 13    Int:  8    God:
Gold:   84         SH:  0    Dex: 16    Spells: 2/2 levels left

rFire   . . .      SeeInvis .   a - +0 long sword
rCold   . . .      Faith    .   (no shield)
rNeg    . . .      Spirit   .   b - +0 leather armour
rPois   .          Reflect  .   c - +0 helmet
rElec   .          Harm     .   g - scarf {shadows}
rCorr   .          Rampage  .   (no gloves)
Will    .....                   (no boots)
Stlth   +.........              (no amulet)
HPRegen 0.09/turn               (no ring)
MPRegen 0.08/turn               (no ring)

@: no status effects
A: no striking features
a: no special abilities


You were on level 2 of the Dungeon.
You visited 1 branch of the dungeon, and saw 2 of its levels.

You collected 84 gold pieces.

Inventory:

Hand Weapons
 a - a +0 long sword (weapon)
Missiles
 d - 3 throwing nets (quivered)
 e - a javelin
 i - 3 poisoned darts
Armour
 b - a +0 leather armour (worn)
 c - a +0 helmet (worn)
 g - a scarf of shadows (worn)
Scrolls
 f - a scroll of magic mapping {unknown}
 j - a scroll of identify {unknown}
 m - a scroll of enchant armour {unknown}
 n - a scroll of enchant weapon {unknown}
 o - a scroll of amnesia {unknown}
 p - a scroll of teleportation {unknown}
Potions
 h - a potion of resistance {unknown}
 k - a potion of cancellation {unknown}
 l - 2 potions of curing {unknown}


   Skills:
 + Level 2.7 Fighting
 + Level 3.5 Long Blades
 - Level 2.0 Throwing
 + Level 3.5 Dodging


You had 2 spell levels left.
You didn't know any spells.
Your spell library was empty.

Dungeon Overview and Level Annotations

Branches:
Dungeon (2/15)

Altars:
Qazlal

Shops:
D:1 [

Annotations:
D:2 Terence


Message History

Things that are here:
a +0 dagger; a +0 ring mail; a goblin corpse
n - a scroll labelled VUGISTR AGUR
Found a stormy altar of Qazlal.
o - a scroll labelled KUOCZIJOWE
There is a stormy altar of Qazlal here.
p - a scroll labelled UNYENK UNOEQAU Terence the Incautious comes into view.
He is wielding a +2 hand axe of electrocution, wearing a +2 scale mail of fire resistance and carrying a wand of flame (10).
Terence shouts!
Terence shouts, "ATTACK!!!"
Terence zaps a wand.
The puff of flame misses you.
Terence zaps a wand.
The puff of flame hits you.
You hit Terence but do no damage.
Terence hits you with a +2 hand axe of electrocution.
You hit Terence.
Terence is lightly wounded.
Terence closely misses you.
You hit Terence but do no damage.
Terence is lightly wounded.
Terence barely misses you.
You hit Terence but do no damage.
Terence is lightly wounded.
Terence zaps a wand.
The puff of flame hits you! Terence barely misses you.
You barely miss Terence.
Terence is lightly wounded.
Terence zaps a wand.
The puff of flame hits you!
* * * LOW HITPOINT WARNING * * *
You closely miss Terence.
Terence is lightly wounded.
Terence hits you with a +2 hand axe of electrocution.
* * * LOW HITPOINT WARNING * * *
You hit Terence.
Terence is moderately wounded.
Terence hits you with a +2 hand axe of electrocution.
* * * LOW HITPOINT WARNING * * *
You hit Terence but do no damage.
Terence is moderately wounded.
Terence completely misses you.
Terence hits you with a +2 hand axe of electrocution.
You die...

#########
#.......###
#.##......#
#.##.##.#.########
#.##....#.#.......
#.##.#..#.#.##....
#@##...........##.
#@......###.####..
#......## #.......
#.##.#.# ######..
#.##.# # ...# #.#
. ...# #.# . .. #


You could see Terence.

Vanquished Creatures
  An adder (D:2)
  A dart slug (D:1)
  4 ball pythons (D:1)
  3 endoplasms (D:1)
  A giant cockroach (D:2)
  2 hobgoblins (D:1)
  4 jackals (D:1)
  5 bats
  A frilled lizard (D:1)
  5 goblins
  5 rats
32 creatures vanquished.

Notes
Turn   | Place    | Note
-------+----------+-------------------------------------------
     0 | D:1      | Thatpatchoflichen the Human Gladiator began the quest for
                  | the Orb.
     0 | D:1      | Reached XP level 1. HP: 16/16 MP: 1/1
   293 | D:1      | Reached XP level 2. HP: 19/22 MP: 2/2
   901 | D:1      | Found Gusiamul's Antique Armour Shop.
  1165 | D:1      | Reached XP level 3. HP: 19/28 MP: 3/3
  2194 | D:2      | Found a faded altar of an unknown god.
  2507 | D:2      | Found a stormy altar of Qazlal.
  2548 | D:2      | Noticed Terence
  2558 | D:2      | HP: 1/28 [Terence/+2 hand axe of electrocution (2)]
  2559 | D:2      | Slain by Terence

Illustrated notes

Levels and vault maps discovered:
D:1:      onia_arrival_mini_maze, layout_loops_corners, serial_shops,
          nicolae_shop_advertising_works [nicolae_subvault_shop_adworks]
D:2:      layout_loops_cross, basic_altar,
          hellmonk_ecumenical_altar_leap_of_faith, minmay_worlds_worst_comb,
          uniq_terence

Action                   || total
-------------------------++-------
Melee: Long sword        ||   115
 Stab: Sleeping          ||     1
Armor: Leather armour    ||    56
Dodge: Dodged            ||   127
